 Dungeon Crawl Stone Soup version 0.21.1-1-g345015f (webtiles) character file.

47275 inc the Ripper (level 14, -8/59 HPs)
             Began as a Felid Chaos Knight on Mar 11, 2018.
             Hit by a large rock thrown by Polyphemus (45 damage)
             ... on level 3 of the Shoals.
             The game lasted 01:40:08 (31822 turns).

inc the Ripper (Felid Chaos Knight)                Turns: 31822, Time: 01:40:10

Health: -8/59      AC:  7    Str:  7 (8)  XL:     14   Next: 7%
Magic:  19/21      EV: 35    Int: 17 (18) God:    Xom [..*...]
Gold:   3136       SH:  4    Dex: 18      Spells: 4/21 levels left
                                        Lives:  0   Deaths: 4

rFire    . . .     SeeInvis +     - Unarmed
rCold    + . .     Gourm    .   (shield unavailable)
rNeg     . . .     Faith    .   (armour unavailable)
rPois    +         Spirit   .   (helmet unavailable)
rElec    .         Reflect  .   (cloak unavailable)
rCorr    .         Harm     .   (gloves unavailable)
MR       ++...     Clarity  +   (boots unavailable)
Stlth    ++++......             i - amulet of rage
HPRegen  0.19/turn              u - +4 ring of evasion
MPRegen  0.17/turn              U - ring of Shadows {Umbra +Inv Stlth+}

@: berserk cooldown, slowed, wreathed by umbra, very slow
A: very small, no armour, no weapons or thrown items, stealth, claws 1, fangs 3,
horns 1, icy blue scales 1, large bone plates 1, slimy green scales 1, see
invisible, agile 1, carnivore, clarity, deterioration 1, speed 1, frail 1,
poison resistance, shaggy fur 3, slow metabolism 1, wild magic 3, sharp paws
a: Renounce Religion, Evoke Berserk Rage, Evoke Invisibility


You were on level 3 of the Shoals.
You worshipped Xom.
You were a toy of Xom.
You were near starving.

You visited 6 branches of the dungeon, and saw 26 of its levels.
You also visited: Labyrinth and Ice Cave.

You collected 3626 gold pieces.
You spent 490 gold pieces at shops.

Inventory:

Jewellery
 e - a +3 ring of strength
 i - an amulet of rage (around neck)
 r - an uncursed ring of poison resistance
 u - a +4 ring of evasion (left paw)
 w - the amulet of Vitality {Regen+ HP+15}
   (You found it on level 6 of the Lair of Beasts)

   [amulet of regeneration]

   It affects your health (+15).
   It increases your rate of regeneration.
 x - an uncursed ring of resist corrosion
 E - an uncursed ring of protection from fire
 H - an uncursed ring of fire
 N - an uncursed ring of magical power
 U - the ring of Shadows (right paw) {Umbra +Inv Stlth+}
   (You found it on level 5 of the Lair of Beasts)

   [ring of stealth]

   It lets you turn invisible.
   It makes you more stealthy.
 V - an uncursed ring of protection from magic
 W - an uncursed amulet of magic regeneration
Wands
 d - a wand of scattershot (7)
 f - a wand of polymorph (52)
 h - a wand of disintegration (13)
 j - a wand of enslavement (39)
 s - a wand of iceblast (23)
 z - a wand of clouds (4)
 A - a wand of digging (9)
 F - a wand of paralysis (49)
 M - a wand of acid (30)
 Q - a wand of random effects (12)
Scrolls
 c - 5 scrolls of fog
 l - 4 scrolls of amnesia
 n - 10 scrolls of remove curse
 o - 2 scrolls of identify
 p - 3 scrolls of magic mapping
 v - a scroll of fear
 y - 2 scrolls of teleportation
 O - a scroll of silence
 R - a scroll of blinking
 T - a scroll of vulnerability
 X - a scroll of immolation
Potions
 b - 6 potions of brilliance
 g - 2 potions of might
 k - 4 potions of resistance
 m - 2 potions of agility
 t - 3 potions of haste
 C - 3 potions of mutation
 G - a potion of curing
 L - a potion of berserk rage
 P - a potion of flight
Books
 q - a book of Alchemy

   Spells                             Type                      Level
   a - Sublimation of Blood           Necromancy                   2
   b - Ignite Poison                  Fire/Transmutation/Poison    3
   c - Petrify                        Transmutation/Earth          4
   d - Alistair's Intoxication        Transmutation/Poison         5
   e - Irradiate                      Conjuration/Transmutation    5
 B - a book of Minor Magic

   Spells                             Type                      Level
   a - Magic Dart                     Conjuration                  1
   b - Blink                          Translocation                2
   c - Call Imp                       Summoning                    2
   d - Slow                           Hexes                        2
   e - Conjure Flame                  Conjuration/Fire             3
   f - Mephitic Cloud                 Conjuration/Poison/Air       3
 D - a book of Transfigurations

   Spells                             Type                      Level
   a - Irradiate                      Conjuration/Transmutation    5
   b - Statue Form                    Transmutation/Earth          6
   c - Hydra Form                     Transmutation                6
   d - Dragon Form                    Transmutation                7
 K - a book of Debilitation

   Spells                             Type                      Level
   a - Corona                         Hexes                        1
   b - Slow                           Hexes                        2
   c - Inner Flame                    Hexes/Fire                   3
   d - Portal Projectile              Hexes/Translocation          3
   e - Cause Fear                     Hexes                        4
   f - Leda's Liquefaction            Hexes/Earth                  4
 S - a book of Maledictions

   Spells                             Type                      Level
   a - Corona                         Hexes                        1
   b - Ensorcelled Hibernation        Hexes/Ice                    2
   c - Confuse                        Hexes                        3
   d - Tukima's Dance                 Hexes                        3
   e - Dazzling Spray                 Conjuration/Hexes            3
 Y - a book of Frost

   Spells                             Type                      Level
   a - Freeze                         Ice                          1
   b - Throw Frost                    Conjuration/Ice              2
   c - Ozocubu's Armour               Charms/Ice                   3
   d - Throw Icicle                   Conjuration/Ice              4
   e - Summon Ice Beast               Ice/Summoning                4
Miscellaneous
 I - a phantom mirror
 J - a phial of floods
Comestibles
 a - 49 rations


   Skills:
 - Level 10.7 Fighting
 - Level 14.1 Dodging
 - Level 10.3 Stealth
 - Level 15.1 Unarmed Combat
 - Level 4.0 Spellcasting
 - Level 13.2 Hexes
 - Level 10.6 Charms
 - Level 6.4 Translocations
 + Level 4.7 Ice Magic
 - Level 5.7 Evocations


You had 4 spell levels left.
You knew the following spells:

 Your Spells              Type           Power        Failure   Level  Hunger
a - Blink                 Tloc           N/A          9%          2    ##.....
b - Mephitic Cloud        Conj/Pois/Air  #.......     69%         3    ###....
c - Ensorcelled Hibernat  Hex/Ice        ######       4%          2    ##.....
d - Confuse               Hex            #######.     3%          3    ###....
e - Cause Fear            Hex            #######...   5%          4    ####...
f - Ozocubu's Armour      Chrm/Ice       ######..     10%         3    ###....


Dungeon Overview and Level Annotations

Branches:
Dungeon (13/15)            Temple (1/1) D:6            Lair (6/6) D:9
 Shoals (2/4) Lair:3        Snake (0/4) Lair:2        Slime (0/5) Lair:6
    Orc (2/2) D:12            Elf (1/3) Orc:2        Vaults (0/5) D:13

Altars:
Ashenzari
Cheibriados
Dithmenos
Elyvilon
Fedhas
Gozag
Hepliaklqana
Kikubaaqudgha
Makhleb
Nemelex Xobeh
Okawaru
Qazlal
Ru
Sif Muna
Trog
Uskayaw
Vehumet
Wu Jian
Xom
Yredelemnul
Zin
The Shining One
Beogh

Shops:
D:6 =   D:12 [   Orc:2 [([:[::

Portals:
Trove: D:12 (give 2 scrolls of acquirement)

Annotations:
Lair:3 Frances
Shoals:3 Polyphemus


Innate Abilities, Weirdness & Mutations

You cannot wear armour.
You are incapable of wielding weapons or throwing items.
Your paws allow you to move quietly. (Stealth)
You have sharp claws.
You have razor-sharp teeth.
You have supernaturally acute eyesight. (SInv)
You are carnivorous and can eat meat at any time.
You cover ground quickly.
Your thick and shaggy fur keeps you warm. (AC +3, rC+)
You have a slow metabolism.
Your sharp claws are effective at attacking unaware monsters.
You have a pair of small horns on your head.
You are partially covered in icy blue scales. (AC +2)
You are partially covered in large bone plates. (SH +4)
You are partially covered in slimy green scales. (AC +2)
You are agile. (Dex +2)
You possess an exceptional clarity of mind.
Your body sometimes deteriorates upon taking damage.
You are frail. (-10% HP)
Your system is resistant to poisons. (rPois)
Your spells are much harder to cast, but much more powerful.


Message History

Found a short sword.
The merfolk siren chants a haunting song.
You are unaffected.
The merfolk siren chants a haunting song.
You are unaffected.
The merfolk siren chants a haunting song.
You are unaffected.
You enter the shallow water.
Moving in this stuff is going to be slow.
Polyphemus throws a large rock.
The large rock completely misses you.
You hear a splash.
Polyphemus throws a large rock.
The large rock completely misses you.
You hear a splash.
Polyphemus throws a large rock.
The large rock hits you!!
You hear a splash.
The merfolk siren chants a haunting song.
You are unaffected.
Polyphemus throws a large rock.
The large rock hits you!!!
Ouch! That really hurt!
You die...
Xom laughs nastily!

≈≈≈≈.<...≈.....≈≈≈P≈≈≈≈≈≈
≈≈≈............≈≈≈≈≈≈≈≈≈≈
≈≈≈.>.†.......[≈≈≈P≈≈≈≈≈P≈
≈≈....†.......≈≈≈≈≈≈≈≈≈≈≈≈.
≈....P..#..≈≈≈≈≈≈≈≈≈≈≈P≈....
≈...#.###.PP≈≈≈≈.≈≈≈≈≈≈≈....
≈..P#####.≈P≈≈≈≈.≈≈≈≈≈≈≈..# ..
≈..###P.PPP≈≈≈P≈≈≈≈≈≈≈≈≈.###..
≈≈≈...PP.≈≈P≈P(≈@≈≈≈.≈≈≈....#
≈P≈≈P.PPP≈P≈P≈≈≈≈..........# ...
≈≈≈≈≈P≈≈PPPP≈PP≈≈..........# ...
≈P≈≈≈≈≈≈.PP≈P≈PPY.......≈≈.###...
≈≈≈≈≈≈≈P≈PPPPPP..^###C.≈≈≈.....C.
≈≈≈≈≈≈P≈PPPPP...P## ##.≈≈≈≈≈≈....
≈≈≈≈≈≈≈P≈PPP..≈.m####.....≈≈≈....
≈≈≈≈≈≈≈≈≈P≈..P≈≈.....Y.m†Y.......
≈PP.....(......$(........


You could see Polyphemus, a death yak and a merfolk siren.

Vanquished Creatures
  Saint Roka (Orc:2)
  A dire elephant (Lair:6)
  Snorg (D:11)
  A merfolk javelineer (Shoals:1)
  2 minotaurs
  Erolcha (Orc:2)
  Josephine (Orc:1)
  The ghost of soepske the Martial Artist, a journeyman GnTm of Sif Muna (D:10)
  A merfolk impaler (Shoals:1)
  A great orb of eyes (Orc:2)
  A catoblepas (Lair:5)
  2 hydras
  A merfolk avatar (Lair:6)
  A queen ant (D:8)
  3 two-headed ogres
  2 tengu warriors (D:12)
  3 orc high priests
  2 death yaks (Shoals:3)
  A deep elf knight (Elf:1)
  5 sea snakes
  A deep troll (Lair:3)
  A lindwurm (D:13)
  4 harpies (Shoals:1)
  An orc knight (Orc:2)
  3 fauns (Shoals:1)
  An ugly thing (D:13)
  4 cyclopes
  11 deep elf magi
  2 orc sorcerers
  Maurice (D:12)
  2 manticores (Lair:5)
  10 elephants
  2 merfolk sirens
  A water nymph (Shoals:3)
  7 black mambas
  A gargoyle (D:12)
  2 ice statues (IceCv)
  8 spiny frogs
  A spiny frog (shapeshifter) (D:13)
  A freezing wraith (D:13)
  A rime drake (Lair:6)
  15 komodo dragons
  5 ice devils
  2 trolls
  3 wind drakes
  3 merfolk
  3 hornets
  2 polar bears (Lair:6)
  3 snapping turtles
  5 dream sheep
  10 slime creatures
  9 hippogriffs
  3 spriggans (Lair:5)
  4 wraiths (Orc:1)
  2 shadows
  4 wyverns
  A vampire (D:11)
  A water elemental (Shoals:1)
  A human (shapeshifter) (D:13)
  18 yaks
  3 steam dragons
  A neqoxec (D:5)
  4 basilisks
  9 wargs
  17 soldier ants
  A naga (Lair:2)
  2 acid dragons (D:13)
  16 water moccasins
  8 porcupines
  2 black bears
  An ice beast (D:6)
  35 orc warriors
  A slave (D:6)
  8 ogres
  A necrophage (D:11)
  3 phantoms
  A boggart (Orc:2)
  7 wolves
  An eye of draining (D:11)
  A centaur (D:7)
  17 crocodiles
  3 big kobolds
  8 bullfrogs
  A wyvern skeleton (D:11)
  4 scorpions
  9 killer bees
  An electric eel (D:13)
  7 wights
  6 howler monkeys
  5 crimson imps
  A quasit (D:8)
  2 centaur zombies
  2 hounds
  11 jellies
  2 bullfrog skeletons
  23 orc priests
  26 orc wizards
  2 centaur skeletons
  Jessica (D:2)
  4 iguanas
  20 worker ants
  A hound skeleton (D:10)
  A howler monkey zombie (D:6)
  A worker ant zombie (D:10)
  14 adders
  2 shadow imps
  7 white imps (IceCv)
  11 ufetubi (IceCv)
  7 oozes
  A worm (D:2)
  2 leopard geckos
  90 orcs
  6 bats
  5 giant cockroaches
  5 goblins
  5 hobgoblins
  6 jackals
  4 quokkas
  5 frilled lizards
  A jackal skeleton (D:5)
  11 kobolds
  A quokka skeleton (D:4)
  3 rats
  2 butterflies (Lair:4)
  A plant (Shoals:1)
660 creatures vanquished.

Vanquished Creatures (collateral kills)
  A hydra (Lair:4)
  A two-headed ogre (D:9)
  A lindwurm (Lair:4)
  Pikel (D:7)
  2 elephants
  A gargoyle (D:9)
  A komodo dragon (Lair:4)
  A troll (D:11)
  A wyvern (Lair:2)
  A porcupine (Lair:2)
  An orc warrior (D:9)
  A crocodile (Lair:4)
  A centaur (D:9)
  A gnoll sergeant (D:9)
  2 crimson imps (D:5)
  2 bullfrog skeletons (D:9)
  3 worker ants (D:9)
  3 gnolls (D:9)
  9 orcs (D:9)
34 creatures vanquished.

Vanquished Creatures (others)
  A reaper (IceCv)
  A deep elf mage (Elf:1)
  An elephant (Lair:6)
  A spiny frog (Lair:6)
  A rime drake (Lair:6)
  3 dream sheep (Lair:6)
  A hippogriff (Lair:6)
  A wolf (Lair:3)
  2 white imps (IceCv)
  4 ufetubi (IceCv)
  A quokka (D:7)
  15 fungi
  11 plants (Lair:6)
43 creatures vanquished.

Grand Total: 737 creatures vanquished

Notes
Turn   | Place    | Note
-------+----------+-------------------------------------------
     0 | D:1      | inc the Felid Chaos Knight began the quest for the Orb.
     0 | D:1      | Reached XP level 1. HP: 10/10 MP: 2/2
    33 | D:1      | XOM: harmless Chrm miscast
    38 | D:1      | XOM: harmless Summ miscast
   121 | D:1      | XOM: give mutations
   121 | D:1      | Gained mutation: You are clumsy. (Dex -2) [Xom's mischief]
   121 | D:1      | Gained mutation: You are very clumsy. (Dex -4) [Xom's mischief]
   121 | D:1      | Gained mutation: You are partially covered in large bone plates. (SH +4) [Xom's mischief]
   123 | D:1      | XOM: blink monster(s)
   439 | D:2      | Reached XP level 2. HP: 14/14 MP: 3/3
   461 | D:1      | XOM: noise
   935 | D:1      | Reached skill level 4 in Unarmed Combat
  1095 | D:1      | XOM: give mutations
  1095 | D:1      | Lost mutation: You are very clumsy. (Dex -4) [Xom's mischief]
  1095 | D:1      | Gained mutation: You are weak. (Str -2) [Xom's mischief]
  1207 | D:2      | XOM: noise
  1293 | D:2      | XOM: draining
  1424 | D:2      | Noticed Jessica
  1431 | D:2      | XOM: swap monsters
  1439 | D:2      | Killed Jessica
  1439 | D:2      | Reached XP level 3. HP: 13/17 MP: 4/4
  1647 | D:2      | XOM: medium Chrm miscast
  1965 | D:3      | XOM: stat loss: -1 Int (13/14)
  2026 | D:3      | XOM: 5-stop teleportation journey
  2186 | D:4      | Noticed a scorpion
  2196 | D:4      | Killed a scorpion
  2196 | D:4      | Reached skill level 5 in Unarmed Combat
  2196 | D:4      | Reached XP level 4. HP: 16/21 MP: 5/5
  2244 | D:4      | XOM: 3-stop teleportation journey
  2305 | D:4      | XOM: summons 3 hostile shadow creatures
  2308 | D:4      | Reached XP level 5. HP: 24/24 MP: 6/6
  2332 | D:4      | XOM: butterfly on damage
  2368 | D:4      | Reached skill level 6 in Unarmed Combat
  2449 | D:4      | XOM is BORED!
  2449 | D:4      | XOM: summons 1 hostile shadow creature
  2807 | D:4      | XOM: give mutations
  2807 | D:4      | Gained mutation: You are dopey. (Int -2) [Xom's mischief]
  2807 | D:4      | Gained mutation: You are very weak. (Str -4) [Xom's mischief]
  2807 | D:4      | Lost mutation: You are very weak. (Str -4) [Xom's mischief]
  2940 | D:4      | XOM: fake destruction
  3057 | D:4      | Noticed an ice beast
  3065 | D:4      | Slain by an ice beast
  3066 | D:4      | Reached XP level 4. HP: 0/21 MP: 5/5
  3066 | D:4      | Lost mutation: You are clumsy. (Dex -2) [potion of mutation]
  3066 | D:4      | Lost mutation: You are dopey. (Int -2) [potion of mutation]
  3066 | D:4      | Lost mutation: You are weak. (Str -2) [potion of mutation]
  3066 | D:4      | Gained mutation: You have a pair of small horns on your head. [potion of mutation]
  3066 | D:4      | Gained mutation: You are partially covered in slimy green scales. (AC +2) [potion of mutation]
  3066 | D:4      | Gained mutation: Your flesh is cold resistant. (rC+) [potion of mutation]
  3074 | D:4      | XOM: harmless Chrm miscast
  3401 | D:3      | XOM: enchant monster (bad)
  3407 | D:3      | Reached XP level 5. HP: 21/24 MP: 6/6
  3422 | D:3      | Found a bloodstained altar of Trog.
  3655 | D:4      | XOM: harmless Pois miscast
  3708 | D:5      | Entered Level 5 of the Dungeon
  3758 | D:5      | Noticed a phantom
  3763 | D:5      | XOM: 2-stop teleportation journey
  3787 | D:5      | Killed a phantom
  3787 | D:5      | Reached skill level 5 in Dodging
  3787 | D:5      | Gained mutation: You are covered in thick fur. (AC +2) [Felid growth]
  3787 | D:5      | Reached XP level 6. HP: 28/28 MP: 7/7
  3863 | D:5      | Noticed Grinder
  3873 | D:5      | Noticed Grinder
  3873 | D:5      | Grinder changed into Grinder the neqoxec
  3873 | D:5      | XOM: polymorph Grinder -> Grinder the neqoxec
  3876 | D:5      | Killed Grinder the neqoxec
  4053 | D:5      | Reached XP level 7. HP: 31/31 MP: 8/8
  4061 | D:5      | XOM: divination: detect items
  4108 | D:5      | Found a burning altar of Makhleb.
  4458 | D:5      | XOM: summons 7 friendly demons
  4498 | D:5      | Found the +8 autumn katana {slice, Clar}
  4659 | D:6      | Found Fawafafa's Jewellery Shop.
  4729 | D:6      | Found a staircase to the Ecumenical Temple.
  4732 | D:6      | Reached skill level 10 in Dodging
  4764 | D:6      | Reached XP level 8. HP: 26/34 MP: 9/9
  4774 | D:6      | XOM: give mutations
  4774 | D:6      | Gained mutation: You are robust. (+10% HP) [Xom's grace]
  4774 | D:6      | Gained mutation: You have a pair of horns on your head. [Xom's grace]
  4777 | Temple   | Entered the Ecumenical Temple
  4965 | D:6      | XOM: divination: magic mapping
  5408 | D:7      | Noticed Pikel
  5528 | D:7      | XOM: 8-stop teleportation journey
  5548 | D:7      | XOM: cloud trail
  5583 | D:7      | XOM: summons friendly orange demon
  5593 | D:7      | Killed Pikel
  5599 | D:7      | XOM: scenery: create altars
  5636 | D:7      | You fall through a shaft for 3 floors!
  5636 | D:10     | Entered Level 10 of the Dungeon
  5636 | D:10     | Noticed a gargoyle
  5646 | D:10     | XOM: enchant monster (good)
  5685 | D:9      | XOM: summons 8 friendly demons
  5689 | D:9      | Killed a gargoyle
  5759 | D:9      | Reached XP level 9. HP: 29/40 MP: 10/10
  5827 | D:9      | Noticed a two-headed ogre
  5839 | D:9      | Killed a two-headed ogre
  6135 | D:9      | XOM: fog
  6194 | D:9      | Reached skill level 5 in Fighting
  6359 | D:9      | XOM: silly message
  6373 | D:9      | XOM: fog
  6418 | D:9      | Noticed a queen ant
  6504 | D:8      | XOM: god gift: 5 rations
  6619 | D:8      | XOM: confuse monster(s)
  6635 | D:8      | XOM: god gift: ration
  6740 | D:8      | XOM: harmless Air miscast
  6931 | D:8      | XOM: give mutations
  6931 | D:8      | Gained mutation: Your spells are a little harder to cast, but a little more powerful. [Xom's grace]
  6931 | D:8      | Gained mutation: You possess an exceptional clarity of mind. [Xom's grace]
  6931 | D:8      | Gained mutation: You are resistant to hostile enchantments. (MR+) [Xom's grace]
  6937 | D:8      | XOM: polymorph sky beast -> scorpion
  6955 | D:8      | XOM is BORED!
  6955 | D:8      | XOM: give mutations
  6955 | D:8      | Lost mutation: You have a pair of horns on your head. [Xom's mischief]
  6955 | D:8      | Gained mutation: Your spells are harder to cast, but more powerful. [Xom's mischief]
  7146 | D:7      | XOM: god gift: ration
  7451 | D:7      | XOM: god gift: 58 gold pieces
  7499 | D:7      | Learned a level 2 spell: Blink
  7619 | D:9      | Reached skill level 1 in Translocations
  7628 | D:9      | Reached XP level 10. HP: 52/52 MP: 11/11
  7640 | D:9      | XOM: god gift: 4 curare-tipped needles
  7671 | D:9      | XOM: butterfly on damage
  7926 | D:9      | XOM: polymorph soldier ant -> big kobold
  7992 | D:9      | XOM: polymorph worker ant -> howler monkey
  7997 | D:9      | XOM: enchant monster (good)
  7999 | D:9      | XOM: scenery: create altars
  8060 | D:9      | XOM: polymorph soldier ant -> hornet
  8066 | D:8      | XOM: scenery: create altars
  8073 | D:8      | Killed a queen ant
  8073 | D:8      | Reached skill level 5 in Translocations
  8076 | D:8      | XOM: fog
  8107 | D:8      | XOM: repel stairs
  8110 | D:8      | XOM: blink monster(s)
  8119 | D:8      | XOM: blink monster(s)
  8124 | D:8      | Paralysed by a hornet for 1 turns
  8256 | D:8      | XOM: harmless Chrm miscast
  8267 | D:8      | XOM: give mutations
  8267 | D:8      | Lost mutation: You are robust. (+10% HP) [Xom's mischief]
  8267 | D:8      | Lost mutation: You are resistant to hostile enchantments. (MR+) [Xom's mischief]
  8267 | D:8      | Lost mutation: Your flesh is cold resistant. (rC+) [Xom's mischief]
  8414 | D:9      | XOM: 5-stop teleportation journey
  8423 | D:9      | XOM: medium Ice miscast
  8478 | D:9      | XOM: enchant monster (good)
  8521 | D:9      | XOM: noise
  8550 | D:9      | Reached skill level 1 in Evocations
  8608 | D:9      | XOM: noise
  8620 | D:9      | XOM: silly message
  8629 | D:9      | XOM: potion effect (might)
  8702 | D:9      | XOM: divination: detect items
  8799 | D:9      | XOM: cloud trail
  8832 | D:9      | XOM: potion effect (might)
  8946 | D:9      | Xom revived you
  8951 | D:9      | XOM: divination: detect items
  8955 | D:9      | HP: 2/51 [adder (1)]
  8956 | D:9      | XOM: divination: detect creatures
  8958 | D:9      | Slain by a komodo dragon
  8959 | D:9      | Reached XP level 9. HP: -5/46 MP: 13/13
  9115 | D:9      | XOM: harmless Necr miscast
  9126 | D:9      | XOM: divination: magic mapping
  9135 | D:9      | XOM: divination: detect creatures
  9157 | D:9      | Reached skill level 10 in Fighting
  9322 | D:9      | XOM: harmless Hex miscast
  9353 | D:9      | XOM: confuse monster(s)
  9361 | D:9      | Killed a komodo dragon
  9361 | D:9      | Reached XP level 10. HP: 51/51 MP: 14/14
  9371 | D:9      | Found a staircase to the Lair.
  9641 | D:10     | Noticed soepske's ghost (journeyman GnTm)
  9647 | D:10     | XOM: mild Tmut miscast
  9652 | D:10     | XOM: potion effect (might)
  9654 | D:10     | Killed soepske's ghost
  9654 | D:10     | Reached skill level 5 in Evocations
  9830 | D:10     | Noticed a two-headed ogre
  9831 | D:10     | XOM: enchant monster (good)
  9837 | D:10     | Killed a two-headed ogre
  9837 | D:10     | Reached skill level 7 in Unarmed Combat
 10094 | D:10     | XOM: silly message
 10166 | D:11     | Noticed a cyclops
 10175 | D:11     | Killed a cyclops
 10234 | D:11     | Reached skill level 8 in Unarmed Combat
 10278 | D:11     | XOM: confuse monster(s)
 10380 | D:11     | Noticed Snorg
 10383 | D:11     | XOM: butterfly on damage
 10395 | D:11     | Killed Snorg
 10395 | D:11     | Reached skill level 9 in Unarmed Combat
 10395 | D:11     | Reached XP level 11. HP: 12/55 MP: 16/16
 10594 | D:11     | XOM: god gift: ration
 10814 | D:11     | XOM: summons friendly crimson imp
 10828 | D:11     | XOM: summons 2 friendly demons
 10830 | D:11     | XOM: cast spell 'Call Canine Familiar'
 11155 | D:11     | XOM: polymorph adder -> jelly
 11232 | D:11     | XOM: god gift: phial of floods
 11343 | D:12     | XOM: god gift: scroll of fog
 11372 | D:12     | XOM: smoke on damage
 11699 | D:12     | Found a portal to a secret trove of treasure.
 11841 | Lair:1   | Entered Level 1 of the Lair of Beasts
 11842 | Lair:1   | XOM: summons 2 friendly demons
 11843 | Lair:1   | XOM: cleaving
 11857 | Lair:1   | XOM: 8-stop teleportation journey
 11866 | Lair:1   | Learned a level 3 spell: Mephitic Cloud
 11883 | Lair:1   | Reached skill level 10 in Unarmed Combat
 12005 | Lair:1   | XOM: 8-stop teleportation journey
 12459 | Lair:1   | XOM: confuse monster(s)
 12469 | Lair:1   | XOM: confuse monster(s)
 12731 | Lair:1   | Reached skill level 11 in Unarmed Combat
 13122 | Lair:2   | XOM: confuse monster(s)
 13134 | Lair:2   | XOM: summons 3 friendly demons
 13177 | Lair:2   | XOM: enchant monster (good)
 13465 | Lair:1   | XOM: mild Conj miscast
 14360 | Lair:2   | Found a staircase to the Snake Pit.
 14361 | Lair:2   | XOM: cleaving
 14368 | Lair:2   | XOM: polymorph naga -> steam dragon
 14382 | Lair:2   | Reached skill level 12 in Unarmed Combat
 14691 | Lair:3   | XOM: divine lightning
 14724 | Lair:3   | XOM: butterfly on damage
 14779 | Lair:2   | XOM: cast spell 'Summon Hydra'
 15042 | Lair:3   | Found a frozen archway.
 15079 | IceCv    | Entered an ice cave
 15269 | IceCv    | Gained mutation: Your thick and shaggy fur keeps you warm. (AC +3, rC+) [Felid growth]
 15269 | IceCv    | Reached XP level 12. HP: 58/58 MP: 17/17
 15369 | IceCv    | Killed a reaper
 15462 | IceCv    | XOM: scenery: create altars
 15687 | IceCv    | XOM: god gift: scroll of teleportation
 15759 | IceCv    | XOM: god gift: 1430 gold pieces
 15804 | IceCv    | XOM: cloud trail
 16078 | Lair:3   | Reached skill level 13 in Unarmed Combat
 16145 | Lair:3   | XOM: god gift: 2 potions of curing
 16161 | Lair:3   | XOM: butterfly on damage
 16189 | Lair:3   | XOM: polymorph butterfly -> river rat
 16198 | Lair:3   | XOM: noise
 16214 | Lair:3   | XOM: silly message
 16228 | Lair:3   | XOM: butterfly on damage
 16366 | Lair:3   | Found a staircase to the Shoals.
 16451 | Lair:3   | XOM is BORED!
 16451 | Lair:3   | XOM: mild Chrm miscast
 16561 | Lair:3   | XOM: god gift: book of Debilitation
 16577 | Lair:3   | XOM: 2-stop teleportation journey
 16757 | Lair:4   | XOM: harmless Air miscast
 16760 | Lair:4   | XOM: cast spell 'Summon Horrible Things'
 16770 | Lair:4   | Noticed a five-headed hydra
 16781 | Lair:4   | Killed a five-headed hydra
 16811 | Lair:4   | XOM: cast spell 'Dispersal'
 16818 | Lair:4   | Reached skill level 14 in Unarmed Combat
 16835 | Lair:3   | XOM: polymorph elephant -> deep troll
 16838 | Lair:3   | XOM: enchant monster (good)
 16868 | Lair:3   | XOM: cleaving
 16888 | Lair:3   | XOM: give mutations
 16888 | Lair:3   | Gained mutation: You evolve. [Xom's mischief]
 16888 | Lair:3   | Lost mutation: You possess an exceptional clarity of mind. [Xom's mischief]
 17210 | Lair:4   | XOM: 6-stop teleportation journey
 17279 | Lair:4   | XOM: harmless Chrm miscast
 17684 | Lair:4   | XOM: potion effect (haste)
 17741 | Lair:4   | Noticed a six-headed hydra
 17749 | Lair:4   | XOM: noise
 17753 | Lair:4   | Killed a six-headed hydra
 17863 | Lair:4   | XOM: confusion (+ monsters)
 17893 | Lair:4   | XOM: god gift: smoking fustibalus {god gift}
 18198 | Lair:5   | Found a labyrinth entrance.
 18203 | Lair:5   | Found the ring of Shadows {Umbra +Inv Stlth+}
 18240 | Lair:5   | XOM: confuse monster(s)
 18271 | Lab      | Entered a labyrinth
 18787 | Lab      | XOM: 1-stop teleportation journey
 18837 | Lab      | Noticed a minotaur
 18848 | Lab      | Killed a minotaur
 18848 | Lab      | Reached skill level 15 in Unarmed Combat
 18869 | Lair:5   | Learned a level 2 spell: Ensorcelled Hibernation
 18873 | Lair:5   | Learned a level 3 spell: Confuse
 18896 | Lair:5   | XOM: god gift: runed quarterstaff {god gift}
 18898 | Lair:5   | XOM: cleaving
 18904 | Lair:5   | Reached skill level 1 in Hexes
 18919 | Lair:5   | Reached skill level 1 in Ice Magic
 18930 | Lair:5   | XOM: scenery: create altars
 19039 | Lair:5   | Noticed a catoblepas
 19039 | Lair:5   | Noticed a catoblepas
 19054 | Lair:5   | XOM: harmless Erth miscast
 19062 | Lair:5   | XOM: divination: magic mapping
 19064 | Lair:5   | XOM: destruction
 19173 | Lair:5   | Killed a catoblepas
 19173 | Lair:5   | Reached XP level 13. HP: 62/62 MP: 16/18
 19213 | Lair:5   | XOM: mild Tmut miscast
 19222 | Lair:5   | XOM: fog
 19286 | Lair:5   | Gained mutation: You are agile. (Dex +2) [evolution]
 19412 | Lair:5   | XOM: blink monster(s)
 19634 | Lair:5   | XOM: enchant monster (bad)
 19783 | Lair:5   | Reached skill level 5 in Hexes
 20088 | Lair:5   | XOM: give mutations
 20088 | Lair:5   | Gained mutation: Your spells are much harder to cast, but much more powerful. [Xom's grace]
 20088 | Lair:5   | Gained mutation: Your muscles are strong. (Str +2) [Xom's grace]
 20088 | Lair:5   | Gained mutation: You are partially covered in thin metallic scales. (AC +2) [Xom's grace]
 20094 | Lair:6   | Entered Level 6 of the Lair of Beasts
 20097 | Lair:6   | XOM: cast spell 'Call Canine Familiar'
 20110 | Lair:6   | XOM: divine lightning
 20149 | Lair:6   | Found a glowing golden altar of the Shining One.
 20185 | Lair:6   | XOM: enchant monster (good)
 20209 | Lair:6   | Noticed a dire elephant
 20226 | Lair:6   | Killed a dire elephant
 20227 | Lair:6   | XOM: enchant monster (bad)
 20239 | Lair:6   | XOM: summons 6 friendly demons
 20240 | Lair:6   | XOM: silly message
 20244 | Lair:6   | XOM: butterfly on damage
 20462 | Lair:6   | XOM: fog
 20477 | Lair:6   | XOM: divine lightning
 20604 | Lair:5   | XOM: harmless Erth miscast
 20706 | Lair:6   | Reached skill level 10 in Hexes
 20706 | Lair:6   | XOM: give mutations
 20706 | Lair:6   | Lost mutation: You are partially covered in thin metallic scales. (AC +2) [Xom's mischief]
 20706 | Lair:6   | Lost mutation: Your muscles are strong. (Str +2) [Xom's mischief]
 20737 | Lair:6   | XOM: divine lightning
 20741 | Lair:6   | XOM: enchant monster (bad)
 20743 | Lair:6   | XOM: 4-stop teleportation journey
 20752 | Lair:6   | XOM: summons friendly iron imp
 20790 | Lair:6   | XOM: divination: detect creatures
 20811 | Lair:6   | XOM: god gift: knobbly glowing staff {god gift}
 21070 | Lair:6   | XOM: mild Erth miscast
 21101 | Lair:6   | Gained mutation: Your muscles are strong. (Str +2) [evolution]
 21101 | Lair:6   | Lost mutation: You evolve. [end of evolution]
 21233 | Lair:6   | XOM: enchant monster (good)
 21236 | Lair:6   | XOM: cast spell 'Summon Small Mammal'
 21302 | Lair:6   | XOM: divination: detect items
 21447 | Lair:6   | Found a staircase to the Slime Pits.
 21759 | Lair:6   | XOM: cast spell 'Summon Ice Beast'
 21906 | Lair:6   | Found the amulet of Vitality {Regen+ HP+15}
 21910 | Lair:6   | XOM: mild Air miscast
 21911 | Lair:6   | XOM: divination: magic mapping
 21917 | Lair:6   | XOM: destruction
 21925 | Lair:6   | XOM: enchant monster (good)
 21926 | Lair:6   | XOM: cast spell 'Alistair's Intoxication'
 21930 | Lair:6   | XOM: potion effect (might)
 21936 | Lair:6   | XOM: potion effect (heal wounds)
 21938 | Lair:6   | XOM: summons friendly shadow imp
 21941 | Lair:6   | XOM: summons 2 friendly demons
 21958 | Lair:6   | XOM: draining
 22227 | Lair:6   | XOM: give mutations
 22227 | Lair:6   | Gained mutation: You possess an exceptional clarity of mind. [Xom's grace]
 22227 | Lair:6   | Gained mutation: You passively map a small area around you. [Xom's grace]
 22227 | Lair:6   | Gained mutation: You can translocate small distances at will. [Xom's grace]
 22274 | Lair:6   | XOM: give mutation
 22274 | Lair:6   | Lost mutation: Your muscles are strong. (Str +2) [Xom's mischief]
 22608 | D:12     | Found a staircase to the Orcish Mines.
 22608 | D:12     | Found Urofu's Armour Boutique.
 22608 | D:12     | XOM: 2-stop teleportation journey
 22619 | D:12     | XOM: fake destruction
 22631 | D:12     | Slain by a tengu warrior
 22632 | D:12     | Reached XP level 12. HP: 0/58 MP: 17/17
 22658 | D:12     | XOM: chaos upgrade
 22661 | D:12     | Killed a tengu warrior
 22661 | D:12     | Reached skill level 1 in Spellcasting
 22667 | D:12     | Killed a tengu warrior
 22681 | D:12     | Learned a level 4 spell: Cause Fear
 22755 | D:12     | Reached skill level 1 in Stealth
 22778 | D:12     | XOM: 1-stop teleportation journey
 22838 | D:12     | XOM: swap monsters
 22925 | D:12     | XOM: divination: magic mapping
 23326 | D:12     | Noticed Maurice
 23337 | D:12     | Killed Maurice
 23337 | D:12     | Reached XP level 13. HP: 62/62 MP: 18/18
 23621 | D:12     | XOM: divination: magic mapping
 23909 | D:13     | XOM: butterfly on damage
 23921 | D:13     | XOM: divination: magic mapping
 23967 | D:12     | XOM: harmless Chrm miscast
 24281 | D:13     | XOM: silly message
 24293 | D:13     | XOM: summons 6 hostile demons
 24326 | D:13     | XOM: medium Hex miscast
 24418 | D:13     | XOM: noise
 24423 | D:13     | XOM: enchant monster (bad)
 24426 | D:13     | XOM: blink monster(s)
 24432 | D:13     | Reached skill level 5 in Stealth
 24611 | D:13     | XOM: mild Summ miscast
 24678 | D:13     | XOM: polymorph two-headed ogre -> great orb of eyes
 24680 | D:13     | Noticed a minotaur
 24680 | D:13     | a great orb of eyes changed into a minotaur
 24680 | D:13     | XOM: polymorph great orb of eyes -> minotaur
 24684 | D:13     | Killed a minotaur
 24918 | D:13     | XOM: 2-stop teleportation journey
 25041 | D:13     | XOM: harmless Chrm miscast
 25061 | D:13     | XOM: smoke on damage
 25278 | D:13     | XOM: harmless Pois miscast
 25464 | D:13     | Found a gate to the Vaults.
 25597 | Orc:1    | Entered Level 1 of the Orcish Mines
 25607 | Orc:1    | XOM: cast spell 'Ring of Flames'
 25651 | Orc:1    | XOM: confuse monster(s)
 25847 | Orc:1    | XOM: god gift: 13 gold pieces
 26178 | Orc:1    | XOM: cloud trail
 26238 | Orc:1    | XOM: harmless Chrm miscast
 26291 | Orc:1    | Noticed Josephine
 26294 | Orc:1    | Killed Josephine
 26296 | Orc:1    | Reached skill level 10 in Stealth
 26369 | Orc:2    | Entered Level 2 of the Orcish Mines
 26413 | Orc:2    | Found a roughly hewn altar of Beogh.
 26484 | Orc:1    | XOM: harmless Pois miscast
 26590 | Orc:2    | Found a staircase to the Elven Halls.
 26595 | Orc:2    | Found Kilisy Tiddo's Book Shop.
 26649 | Orc:2    | XOM: silly message
 26661 | Orc:2    | XOM: enchant monster (good)
 26843 | Orc:2    | Found Naudgh's Antique Armour Shoppe.
 26844 | Orc:2    | Noticed Erolcha
 26848 | Orc:2    | XOM: chaos upgrade
 26899 | Orc:1    | XOM: mild Air miscast
 26978 | Orc:2    | Killed Erolcha
 27033 | Orc:1    | XOM: summons 2 hostile shadow creatures
 27034 | Orc:1    | Noticed a stone giant
 27283 | Orc:2    | XOM: summons 2 hostile shadow creatures
 27482 | Orc:2    | Found a roughly hewn altar of Beogh.
 27498 | Orc:2    | Found a roughly hewn altar of Beogh.
 27522 | Orc:2    | XOM: harmless Chrm miscast
 27561 | Orc:2    | XOM: polymorph orc high priest -> great orb of eyes
 27563 | Orc:2    | Found a roughly hewn altar of Beogh.
 27564 | Orc:2    | XOM: medium Erth miscast
 27571 | Orc:2    | XOM: torment (24/62 hp)
 27571 | Orc:2    | Blown up by a great orb of eyes
 27572 | Orc:2    | Reached XP level 12. HP: -10/59 MP: 19/19
 27576 | Orc:2    | Found Myza's Book Shoppe.
 27582 | Orc:2    | Bought a book of Frost for 490 gold pieces
 27586 | Orc:2    | Learned a level 3 spell: Ozocubu's Armour
 27600 | Orc:2    | Found a roughly hewn altar of Beogh.
 27624 | Orc:2    | Reached skill level 1 in Charms
 27626 | Orc:2    | Found Potwum's Book Shoppe.
 27863 | Orc:2    | XOM: harmless Necr miscast
 27871 | Orc:2    | Killed a great orb of eyes
 27872 | Orc:2    | Found Xuugg's Armour Emporium.
 27947 | Orc:2    | Found a roughly hewn altar of Beogh.
 28009 | Orc:2    | XOM: give mutation
 28009 | Orc:2    | Lost mutation: You can translocate small distances at will. [Xom's mischief]
 28060 | Orc:2    | Noticed an orc high priest
 28071 | Orc:2    | Killed an orc high priest
 28073 | Orc:2    | XOM: summons 3 friendly demons
 28080 | Orc:2    | Reached XP level 13. HP: 62/62 MP: 20/20
 28104 | Orc:2    | XOM: polymorph orc warrior -> boggart
 28395 | Orc:2    | XOM: harmless Conj miscast
 28402 | Orc:2    | Noticed Saint Roka
 28414 | Orc:2    | XOM: divination: detect items
 28419 | Orc:2    | XOM: summons friendly shadow imp
 28424 | Orc:2    | Killed Saint Roka
 28732 | Orc:2    | Found Doqasheh's Antique Weapon Shoppe.
 28733 | Orc:2    | Found a roughly hewn altar of Beogh.
 28734 | Orc:2    | Found Dihoffyk's Antique Armour Emporium.
 28935 | Elf:1    | XOM: noise
 28935 | Elf:1    | Entered Level 1 of the Elven Halls
 28942 | Elf:1    | XOM: cast spell 'Disjunction'
 28955 | Orc:2    | XOM: confuse monster(s)
 29132 | Elf:1    | XOM: destruction
 29133 | Elf:1    | XOM: blink monster(s)
 29194 | Orc:2    | XOM: harmless Necr miscast
 29338 | Orc:2    | XOM: enchant monster (bad)
 29414 | Elf:1    | XOM: cast spell 'Necromutation'
 29472 | Elf:1    | XOM: god gift: 2 exploding tomahawks
 29581 | Elf:1    | XOM: chaos upgrade
 29597 | Elf:1    | XOM: swap monsters
 29604 | Elf:1    | XOM: blink monster(s)
 29731 | Orc:2    | XOM: medium Erth miscast
 30101 | Shoals:1 | Entered Level 1 of the Shoals
 30101 | Shoals:1 | Noticed a merfolk javelineer
 30106 | Shoals:1 | Noticed Frances
 30113 | Shoals:1 | XOM: summons 2 hostile shadow creatures
 30116 | Shoals:1 | Killed a merfolk javelineer
 30124 | Lair:3   | XOM: noise
 30373 | Lair:3   | XOM: noise
 30468 | Shoals:1 | Noticed a merfolk impaler
 30537 | Shoals:1 | Killed a merfolk impaler
 30568 | Shoals:1 | Reached skill level 10 in Charms
 30626 | Shoals:1 | XOM: medium Pois miscast
 30765 | Shoals:1 | XOM: give mutation
 30947 | Shoals:1 | XOM: summons 2 hostile demons
 30991 | Shoals:1 | XOM: harmless Tmut miscast
 31019 | Shoals:1 | XOM: summons 1 hostile shadow creature
 31109 | Shoals:1 | XOM: blink monster(s)
 31142 | Shoals:1 | XOM: harmless Hex miscast
 31261 | Shoals:1 | XOM: give mutations
 31261 | Shoals:1 | Lost mutation: You possess an exceptional clarity of mind. [Xom's mischief]
 31261 | Shoals:1 | Gained mutation: Your body sometimes deteriorates upon taking damage. [Xom's mischief]
 31261 | Shoals:1 | Gained mutation: You are frail. (-10% HP) [Xom's mischief]
 31261 | Shoals:1 | Lost mutation: You passively map a small area around you. [Xom's mischief]
 31443 | Shoals:2 | Reached XP level 14. HP: 59/59 MP: 21/21
 31459 | Shoals:2 | XOM: harmless Tloc miscast
 31604 | Shoals:2 | XOM: give mutations
 31604 | Shoals:2 | Gained mutation: Your system is resistant to poisons. (rPois) [Xom's grace]
 31604 | Shoals:2 | Gained mutation: You are partially covered in icy blue scales. (AC +2) [Xom's grace]
 31604 | Shoals:2 | Gained mutation: You possess an exceptional clarity of mind. [Xom's grace]
 31678 | Shoals:2 | You fall through a shaft!
 31787 | Shoals:3 | Noticed Polyphemus
 31792 | Shoals:3 | XOM: divine lightning
 31797 | Shoals:3 | XOM: god gift: 60 gold pieces
 31822 | Shoals:3 | Hit by a large rock thrown by Polyphemus

Skill      XL: |  1  2  3  4  5  6  7  8  9 10 11 12 13 |
---------------+----------------------------------------+-----
Unarmed Combat | 4 5 6 9 12 15 | 15.1
Dodging        | 4 5 8 10 13 14 | 14.1
Fighting       | 10 9 | 10.7
Translocations | 1 6 |  6.4
Evocations     | 5 |  5.7
Hexes          | 3 13 | 13.2
Ice Magic      | 2 4 |  4.7
Spellcasting   | 2 4 |  4.0
Stealth        | 3 10 | 10.3
Charms         | 4 10 | 10.6

Action                   |  1- 3 |  4- 6 |  7- 9 | 10-12 | 13-15 || total
-------------------------+-------+-------+-------+-------+-------++-------
Melee: Unarmed           |   103 |   149 |   389 |  1010 |   888 ||  2539
       Bite              |     7 |     9 |    35 |   111 |    85 ||   247
       Punch             |     1 |     2 |    13 |    48 |    46 ||   110
       Headbutt          |       |    13 |    63 |   194 |   152 ||   422
 Cast: Blink             |       |       |       |     2 |       ||     2
       Ensorcelled Hiber |       |       |       |     8 |   165 ||   173
       Confuse           |       |       |       |     4 |    29 ||    33
       Cause Fear        |       |       |       |     1 |    12 ||    13
       Ozocubu's Armour  |       |       |       |       |     2 ||     2
 Abil: Evoke Berserk Rag |     1 |     3 |    13 |    41 |    19 ||    77
       Evoke Invisibilit |       |       |       |     5 |     4 ||     9
  Use: Scroll            |     3 |       |     7 |    10 |     9 ||    29
       Potion            |       |     4 |     1 |    16 |    10 ||    31
 Stab: Sleeping          |     2 |     3 |     2 |    18 |   111 ||   136
       Confused          |     2 |       |     2 |     9 |    16 ||    29
       Distracted        |       |     1 |     2 |     2 |     5 ||    10
       Paralysed         |       |       |       |     2 |       ||     2
       Invisible         |       |       |       |     8 |    14 ||    22
       Petrified         |       |       |       |       |     1 ||     1
  Eat: Chunk             |     2 |     3 |    21 |    59 |    51 ||   136
       Ration            |       |       |       |     6 |     3 ||     9
Armor: Skin              |     4 |     7 |    14 |    51 |    58 ||   134
Dodge: Dodged            |    62 |   101 |   327 |   797 |   921 ||  2208
Block: Other             |    14 |    21 |    51 |   153 |   129 ||   368
